Map: High Orbit

Players

larsgj - Winner!

  • Race: Terran Terran
  • Spawn Location: 1:00

wasp - Winner!

  • Race: Protoss Protoss
  • Spawn Location: 12:00

A.I. 2 (Hard)

  • Race: Protoss Protoss
  • Spawn Location: 6:00

VOD

Have the link to the VOD?

Description

Time

  • Played on: Aug. 2, 2021, 2:33 p.m.
  • Length: 48:48
Show
View Real Time Build Order
Export as new Build Order

larsgj Terran - Winner!

Build Orders:  

Get SALT Encoding   

  12  0:02  SCV  
  13  0:23  SCV  
  13  0:26  Supply Depot  
  14  0:35  SCV  
  15  0:42  Supply Depot  
  15  0:48  SCV  
  16  0:54  Barracks  
  16  1:00  SCV  
  17  1:12  SCV  
  18  1:34  Supply Depot  
  18  1:35  SCV  
  19  1:44  Marine  
  20  1:47  SCV  
  21  1:59  SCV  
  22  2:02  Marine  
  22  2:07  Engineering Bay  
  22  2:08  Refinery  
  23  2:11  SCV, Refinery  
  24  2:17  Barracks  
  24  2:20  Marine  
  25  2:23  SCV  
  26  2:32  Supply Depot  
  26  2:35  SCV  
  27  2:38  Marine  
  28  2:47  SCV  
  29  2:56  Marine  
  30  2:59  SCV, Supply Depot  
  31  3:11  Supply Depot  
  31  3:12  SCV  
  32  3:13  Marine  
  32  3:19  Bunker  
  33  3:24  SCV  
  33  3:25  Marine  
  35  3:31  Marine  
  36  3:39  SCV  
  37  3:43  Marine  
  37  3:46  Terran Infantry Weapons Level 1  
  38  3:49  Marine  
  38  3:51  SCV  
  38  3:52  Bunker  
  40  4:00  Marine  
  41  4:03  SCV  
  41  4:07  Marine  
  43  4:11  Factory  
  43  4:15  SCV  
  43  4:16  Engineering Bay  
  44  4:27  SCV  
  45  4:34  Marine x2  
  47  4:39  SCV  
  48  4:52  Marine x2  
  50  5:09  Marine x2  
  50  5:13  Command Center  
  52  5:27  Marine x2  
  54  5:42  Bunker  
  54  5:45  Marine x2  
  56  6:03  Marine x2  
  58  6:15  Bunker  
  58  6:21  Marine x2  
  60  6:28  SCV  
  61  6:38  Marine  
  61  6:39  Marine  
  59  6:40  SCV  
  59  6:47  Bunker  
  55  6:52  SCV  
  55  6:56  Marine x2  
  57  7:04  SCV  
  58  7:11  Terran Infantry Armor Level 1  
  58  7:14  Marine x2  
  60  7:16  SCV  
  60  7:20  Armory  
  61  7:25  Orbital Command  
  61  7:32  Marine x2  
  63  7:39  Refinery  
  63  7:41  SCV  
  63  7:42  Refinery  
  64  7:45  Command Center  
  64  7:50  Marine x2  
  66  7:54  SCV  
  67  8:06  SCV  
  67  8:07  Marine  
  67  8:08  Marine  
  67  8:10  Barracks  
  70  8:18  SCV  
  70  8:19  Neosteel Armor  
  71  8:25  Marine x2  
  73  8:30  SCV  
  74  8:42  SCV  
  74  8:43  Marine x2  
  77  8:54  SCV  
  78  9:01  Marine x2  
  78  9:02  Bunker  
  80  9:05  Terran Infantry Weapons Level 2  
  80  9:06  SCV  
  81  9:10  Barracks Tech Lab  
  81  9:18  SCV  
  81  9:20  Missile Turret  
  82  9:43  Missile Turret  
  82  9:46  SCV  
  83  9:58  SCV, Barracks Reactor x2  
  83  9:59  Combat Shield  
  84  10:02  Terran Infantry Armor Level 2  
  84  10:09  Starport  
  84  10:10  SCV  
  85  10:22  SCV  
  86  10:30  Orbital Command  
  86  10:34  SCV  
  87  10:46  Starport, SCV  
  88  11:00  Orbital Command  
  86  11:24  Starport  
  86  11:27  SCV  
  86  11:31  Refinery  
  87  11:34  Refinery  
  87  11:38  Starport Tech Lab  
  87  11:39  SCV  
  88  11:40  Starport Tech Lab  
  88  11:46  Fusion Core  
  88  11:49  Terran Infantry Weapons Level 3  
  88  11:51  SCV  
  88  11:54  Terran Vehicle And Ship Armor Level 1  
  89  12:03  SCV, Starport Tech Lab  
  89  12:04  Missile Turret  
  90  12:15  SCV  
  91  12:24  Medivac x3  
  91  12:29  Marine  
  97  12:30  Marine x3  
  97  12:33  Marine  
  102  12:47  Marine  
  102  12:48  Marine x3  
  102  12:51  Marine  
  106  12:52  Terran Infantry Armor Level 3  
  106  12:54  Medivac x3  
  113  13:05  Marine  
  113  13:06  Marine x3  
  113  13:09  Marine  
  117  13:16  Supply Depot  
  117  13:34  Marine x3, Medivac x2, SCV  
  117  13:35  Marine x2, Medivac  
  117  13:38  Supply Depot  
  117  13:40  Supply Depot  
  128  13:47  SCV  
  128  13:48  Terran Ship Weapons Level 1  
  129  13:52  Marine  
  130  13:59  SCV  
  130  14:00  Supply Depot  
  131  14:03  Supply Depot  
  131  14:04  Medivac x2  
  131  14:05  Medivac  
  131  14:07  Marine x4  
  141  14:10  Marine  
  141  14:11  SCV  
  143  14:23  SCV, Supply Depot  
  144  14:24  Marine  
  144  14:25  Marine x3  
  144  14:26  Hi-Sec Auto Tracking  
  144  14:28  Marine, Supply Depot  
  149  14:42  Marine  
  150  14:46  Supply Depot  
  150  14:58  Marine x4  
  154  15:00  Marine  
  154  15:08  Supply Depot  
  153  15:15  Marine  
  153  15:16  Marine x3  
  153  15:18  Marine  
  158  15:30  Supply Depot  
  158  15:32  Cloaking Field, Hyperflight Rotors  
  158  15:33  Marine  
  158  15:34  Marine x3, Corvid Reactor  
  162  15:36  Marine  
  162  15:42  Terran Vehicle And Ship Armor Level 2  
  162  15:51  Marine  
  162  15:52  Marine x3  
  162  15:54  Marine  
  167  16:09  Marine x4  
  171  16:11  Marine  
  172  16:27  Marine x4  
  172  16:29  Marine  
  177  16:39  Command Center  
  177  16:40  Command Center  
  177  16:41  Command Center  
  177  16:43  Command Center  
  177  16:44  Marine  
  177  16:45  Marine x3  
  181  16:47  Marine  
  182  17:02  Marine  
  182  17:03  Marine x3  
  182  17:05  Marine  
  187  17:20  Marine  
  187  17:21  Marine x3  
  191  17:23  Marine  
  192  17:38  Marine x4  
  192  17:40  Marine  
  197  17:56  Marine  
  197  17:58  Terran Vehicle Weapons Level 1  
  197  18:19  Marine x5  
  167  18:37  Marine x5  
  171  18:54  Marine  
  171  18:55  Marine x4  
  176  19:12  Marine  
  176  19:13  Marine x4  
  181  19:30  Marine  
  181  19:31  Marine x4  
  174  19:47  Factory Tech Lab, Factory  
  174  19:49  Marine  
  167  19:59  Factory  
  138  21:15  Factory Tech Lab  
  138  21:16  Factory Tech Lab  
  138  21:24  Smart Servos  
  138  21:28  Terran Vehicle Weapons Level 2  
  134  22:05  Thor x3  
  125  22:47  Thor  
  125  22:48  Thor x2  
  143  23:30  Thor x2  
  143  23:31  Thor  
  160  23:44  Terran Vehicle And Ship Armor Level 3  
  129  24:13  Thor  
  135  24:18  Thor x2  
  141  24:56  Thor  
  135  25:01  Thor  
  141  25:09  Thor  
  111  26:21  Terran Ship Weapons Level 2  
  111  26:57  Battlecruiser  
  117  27:02  Battlecruiser  
  123  28:01  Orbital Command  
  123  28:03  Orbital Command  
  78  29:03  Battlecruiser x3  
  96  29:34  Missile Turret x2  
  96  29:37  Missile Turret  
  96  29:38  Missile Turret  
  96  29:43  Orbital Command  
  96  29:54  Terran Ship Weapons Level 3  
  96  30:08  Battlecruiser x3  
  114  31:08  Refinery  
  114  31:11  Refinery  
  114  31:12  Battlecruiser x3  
  114  31:17  Refinery  
  132  31:24  Refinery  
  132  32:16  Battlecruiser x3  
  150  33:20  Battlecruiser x3  
  150  34:08  Weapon Refit  
  144  34:24  Battlecruiser  
  144  34:25  Battlecruiser x2  
  162  35:29  Battlecruiser x2  
  174  35:58  Battlecruiser  
  180  36:33  Battlecruiser  
  180  36:34  Battlecruiser  
  180  39:37  Battlecruiser x3  
Show
View Real Time Build Order
Export as new Build Order

wasp Protoss - Winner!

Build Orders:  

Get SALT Encoding   

  12  0:25  Assimilator  
  12  0:27  Probe  
  13  0:30  Assimilator  
  13  0:38  Pylon  
  13  0:40  Probe  
  14  0:50  Pylon  
  14  0:52  Probe  
  15  1:44  Pylon  
  15  1:45  Pylon  
  15  1:49  Pylon  
  15  1:51  Gateway  
  15  2:02  Forge  
  15  2:17  Pylon  
  15  2:19  Pylon  
  15  2:22  Pylon  
  15  2:24  Pylon  
  15  2:40  Cybernetics Core  
  15  2:59  Zealot  
  17  3:26  Zealot  
  19  3:53  Zealot  
  21  4:20  Stargate, Zealot  
  23  4:31  Stargate  
  23  4:38  Pylon  
  23  4:48  Zealot  
  25  5:00  Pylon  
  25  5:10  Pylon  
  25  5:17  Pylon  
  25  5:25  Stalker  
  27  5:44  Void Ray  
  31  5:55  Stalker  
  33  6:11  Photon Cannon  
  33  6:25  Stalker  
  33  6:28  Photon Cannon  
  35  6:46  Photon Cannon  
  35  6:55  Stalker  
  37  7:07  Photon Cannon  
  37  7:25  Stalker  
  37  7:28  Void Ray  
  43  7:58  Photon Cannon  
  43  8:15  Photon Cannon  
  43  8:29  Photon Cannon  
  43  8:55  Photon Cannon  
  43  8:57  Pylon  
  43  9:38  Photon Cannon  
  43  9:44  Photon Cannon  
  43  10:01  Oracle  
  46  10:17  Void Ray  
  50  11:30  Void Ray x2  
  58  12:07  Void Ray  
  62  12:59  Void Ray  
  62  13:00  Void Ray  
  70  13:36  Void Ray  
  74  13:59  Void Ray  
  78  14:14  Void Ray  
  82  14:36  Void Ray  
  83  15:26  Void Ray x2  
  91  16:03  Void Ray  
  95  16:17  Void Ray  
  99  16:40  Void Ray  
  103  16:54  Void Ray  
  43  18:49  Fleet Beacon  
  43  19:13  Robotics Facility  
  43  19:20  Twilight Council  
  43  19:29  Warp Gate  
  43  19:37  Tempest  
  48  19:38  Tempest  
  53  20:20  Tempest  
  58  21:47  Assimilator  
  58  21:51  Assimilator  
  58  23:48  Dark Shrine  
  58  24:02  Adept  
  60  25:47  Dark Templar  
  62  27:54  Nexus  
  62  28:01  Dark Templar  
  54  29:27  Tempest  
  59  29:46  Dark Templar  
  57  31:26  Dark Templar  
  57  32:56  Shadow Stride  
  57  33:05  Tempest x2  
  67  33:47  Robotics Bay  
  67  33:48  Tempest x2  
  72  33:54  Templar Archives  
  77  34:16  Dark Templar  
  79  34:23  Archon  
  79  36:02  Tempest x2  
  89  36:44  Tempest  
  96  37:57  Warp Prism  
  96  38:21  Robotics Facility  
  96  38:32  Warp Prism  
  98  39:08  Warp Prism  
  101  39:10  Observer  
  102  39:31  Observer  
  102  39:44  Colossus  
  109  39:53  Observer  
  109  40:13  Warp Prism  
  111  40:38  Observer  
  112  40:49  Colossus  
  118  42:25  Warp Prism  
Show
View Real Time Build Order
Export as new Build Order

A.I. 2 (Hard) Protoss 

Build Orders:  

Get SALT Encoding   

  12  0:00  Probe  
  13  0:13  Probe  
  14  0:20  Pylon  
  14  0:25  Probe  
  15  0:34  Probe  
  15  0:42  Probe  
  16  0:47  Assimilator  
  16  0:49  Gateway  
  17  0:52  Probe  
  18  0:59  Pylon  
  18  1:00  Probe  
  19  1:19  Probe  
  20  1:38  Zealot  
  22  1:41  Gateway  
  22  1:44  Cybernetics Core  
  22  1:45  Assimilator  
  22  2:00  Pylon  
  22  2:09  Zealot  
  22  2:21  Warp Gate  
  24  2:32  Adept  
  26  2:42  Pylon  
  26  2:45  Adept  
  28  2:55  Adept  
  30  3:13  Probe  
  30  3:15  Stalker  
  30  3:18  Pylon  
  33  3:24  Adept  
  33  3:25  Probe  
  36  3:38  Probe  
  37  3:45  Forge, Stalker  
  39  3:50  Probe  
  39  3:54  Adept  
  42  4:02  Probe  
  43  4:14  Probe  
  44  4:20  Adept  
  46  4:33  Adept  
  48  6:01  Protoss Ground Weapons Level 1  
  47  6:22  Sentry  
  49  6:26  Gateway  
  49  6:28  Pylon  
  49  6:30  Photon Cannon  
  49  6:31  Photon Cannon  
  49  6:32  Stalker  
  51  6:33  Nexus, Robotics Facility  
  51  6:35  Forge  
  51  6:39  Stargate  
  43  6:45  Sentry  
  39  6:49  Pylon  
  35  6:55  Sentry  
  37  7:08  Twilight Council, Sentry  
  39  7:14  Protoss Ground Armor Level 1  
  39  7:18  Zealot  
  39  7:20  Observer  
  42  7:28  Stalker  
  43  7:38  Stalker  
  43  7:41  Observer  
  46  7:46  Probe  
  46  7:47  Probe  
  46  7:48  Stalker  
  50  7:57  Assimilator  
  50  7:58  Probe, Stalker  
  53  7:59  Probe, Pylon  
  53  8:00  Pylon  
  53  8:01  Assimilator  
  53  8:03  Blink  
  54  8:08  Zealot  
  54  8:10  Probe  
  54  8:11  Probe  
  58  8:18  Stalker  
  60  8:21  Probe, Photon Cannon  
  60  8:22  Probe  
  60  8:24  Photon Cannon  
  62  8:31  Probe  
  62  8:34  Probe  
  62  8:40  Probe  
  64  8:46  Probe  
  66  8:52  Probe  
  67  8:58  Probe  
  68  9:04  Probe  
  69  9:10  Probe  
  69  9:16  Probe  
  71  9:21  Probe  
  72  9:28  Probe  
  72  9:29  Probe  
  74  9:40  Probe  
  75  10:35  Stalker x2  
  75  10:39  Stalker x2  
  75  10:42  Stalker x2  
  75  10:43  Void Ray  
  75  10:52  Warp Prism, Protoss Ground Weapons Level 2, Protoss Ground Armor Level 2  
  75  10:56  Robotics Facility  
  81  11:01  Stargate  
  81  11:02  Robotics Bay  
  79  11:08  Stalker  
  79  11:09  Pylon  
  71  11:12  Gateway  
  71  11:17  Zealot  
  69  11:23  Nexus  
  69  11:25  Stalker  
  71  11:28  Warp Prism  
  73  11:34  Phoenix  
  73  11:39  Gravitic Boosters  
  75  11:43  Warp Prism  
  75  11:44  Void Ray  
  81  11:47  Fleet Beacon  
  81  11:59  Phoenix  
  83  12:05  Observer  
  83  12:08  Protoss Air Weapons Level 1  
  84  12:15  Disruptor  
  87  12:25  Disruptor  
  87  12:26  Gravitic Drive  
  90  12:31  Tempest  
  90  12:36  Probe  
  96  12:37  Probe  
  96  12:39  Probe  
  98  12:48  Probe, Assimilator  
  98  12:49  Probe  
  98  12:50  Pylon  
  98  12:51  Probe  
  101  12:52  Pylon  
  101  12:54  Templar Archives  
  101  12:57  Assimilator  
  101  13:00  Probe  
  101  13:02  Probe  
  101  13:03  Probe, Dark Shrine  
  104  13:09  Protoss Shields Level 1  
  104  13:12  Probe  
  105  13:14  Probe, Photon Cannon  
  105  13:15  Probe  
  105  13:17  Photon Cannon  
  107  13:24  Probe  
  107  13:26  Probe  
  109  13:28  Probe  
  110  14:05  Protoss Air Armor Level 1  
  110  14:37  Stalker x2  
  110  14:42  Psionic Storm  
  110  14:48  Protoss Ground Armor Level 3  
  110  14:50  High Templar  
  112  14:56  Zealot  
  114  15:01  Protoss Ground Weapons Level 3  
  114  15:02  Adept  
  114  15:04  Pylon  
  98  15:08  Adept  
  98  15:14  Carrier  
  98  15:19  High Templar  
  100  15:25  Zealot  
  102  15:31  Sentry  
  104  15:37  Void Ray  
  104  15:42  Stalker  
  110  15:48  Stalker  
  112  15:53  Nexus  
  112  15:54  Sentry  
  114  15:59  Adept  
  116  16:06  Dark Templar, Archon  
  118  16:12  Protoss Air Weapons Level 2  
  118  16:14  Void Ray  
  122  17:10  Assimilator  
  122  17:11  Pylon  
  122  17:16  Pylon  
  122  17:25  Assimilator  
  122  17:31  Dark Templar  
  124  17:37  Photon Cannon  
  124  17:40  Photon Cannon  
  124  17:46  Dark Templar, Archon  
  126  17:54  Dark Templar  
  128  18:09  Probe  
  128  18:13  Zealot  
  128  18:19  Zealot  
  114  18:25  Adept  
  96  18:27  Probe  
  96  18:28  Warp Prism  
  96  18:30  Sentry  
  96  18:31  Twilight Council  
  96  18:33  Zealot  
  88  18:34  Warp Prism  
  88  18:37  Void Ray  
  88  18:40  Zealot  
  76  18:43  Void Ray  
  76  18:44  Probe  
  76  18:45  Adept  
  79  18:52  Photon Cannon  
  79  18:53  Zealot  
  79  18:55  Cybernetics Core  
  81  18:56  Zealot  
  81  19:00  Warp Prism, Gateway  
  83  19:02  Forge  
  83  19:06  Dark Templar  
  79  19:25  Gateway  
  79  19:31  Immortal  
  75  19:46  Void Ray  
  75  19:48  Probe  
  75  19:49  Protoss Air Armor Level 2  
  75  19:51  Probe  
  79  19:54  Stalker  
  81  20:01  Twilight Council  
  81  20:05  Stargate  
  81  20:06  Gateway  
  81  20:15  Robotics Facility  
  81  20:17  Adept  
  81  20:20  Stalker  
  85  20:22  Protoss Shields Level 2  
  83  20:31  Zealot  
  79  20:44  Pylon, Stalker  
  73  20:51  Pylon  
  73  21:01  Stargate  
  73  21:03  Immortal  
  77  21:04  Pylon  
  77  21:06  Zealot  
  77  21:07  Twilight Council  
  77  21:09  Robotics Facility  
  77  21:13  Gateway  
  77  21:17  Stargate  
  77  21:19  Adept  
  77  21:21  Forge  
  77  21:22  Nexus  
  77  21:24  Robotics Bay  
  79  21:28  Gateway  
  79  21:36  Pylon  
  79  21:37  Stalker  
  85  21:47  Dark Shrine  
  85  21:52  Templar Archives  
  81  21:56  Stargate  
  81  21:59  Pylon  
  81  22:00  Stalker  
  77  22:03  Immortal  
  75  22:09  Stalker  
  75  22:12  Pylon  
  77  22:21  Adept  
  79  22:26  Stalker  
  81  22:30  Adept  
  81  22:33  Colossus  
  83  22:39  Fleet Beacon  
  83  22:43  Sentry  
  91  22:47  Stalker  
  91  22:48  Protoss Shields Level 3  
  93  22:51  Stalker  
  93  22:55  Assimilator  
  93  22:56  Pylon  
  95  23:04  Pylon  
  95  23:05  Assimilator  
  95  23:06  Zealot  
  95  23:10  Zealot  
  99  23:15  Stalker  
  101  23:21  Stalker  
  101  23:25  Photon Cannon, Tempest  
  108  23:30  Stalker, Photon Cannon  
  108  23:32  Probe  
  108  23:35  Protoss Air Armor Level 3  
  108  23:37  Probe, Stalker  
  102  23:42  Zealot, Colossus  
  102  23:48  Probe  
  102  23:53  Sentry  
  104  23:59  Photon Cannon  
  104  24:00  Stalker  
  100  24:05  Zealot  
  96  24:16  Stalker  
  88  24:21  Stalker  
  88  24:25  Pylon  
  88  24:26  Stalker  
  88  24:30  Stalker  
  89  24:32  Probe  
  89  24:35  Probe  
  89  24:37  Probe, Void Ray  
  88  24:40  Colossus  
  88  24:42  Extended Thermal Lance  
  88  24:44  Probe  
  92  24:47  Probe  
  92  24:49  Probe, Tempest  
  87  24:56  Adept  
  87  24:57  Probe  
  87  24:59  Probe  
  91  25:01  Probe  
  91  25:02  Stalker  
  94  25:09  Probe, Zealot  
  94  25:11  Nexus, Probe  
  94  25:13  Probe  
  99  25:16  Sentry  
  99  25:21  Probe  
  102  25:24  Probe  
  102  25:25  Probe, Stalker  
  106  25:31  Sentry, Assimilator  
  106  25:33  Probe  
  109  25:36  Probe x2  
  109  25:39  Stalker  
  113  25:45  Probe x2  
  113  25:46  Sentry  
  113  25:48  Probe  
  116  25:50  Protoss Air Weapons Level 3  
  116  25:54  Probe  
  116  25:55  Stalker  
  118  25:57  Probe  
  120  26:36  Nexus  
  120  27:49  Probe  
  121  27:59  Assimilator  
  121  28:02  Pylon  
  121  28:04  Pylon  
  121  28:05  Assimilator  
  121  28:19  Adept  
  123  28:22  Adept  
  123  28:24  Void Ray, Photon Cannon  
  123  28:25  Zealot  
  123  28:26  Photon Cannon  
  127  28:36  Void Ray  
  127  28:39  Sentry  
  121  28:41  Zealot  
  121  28:45  Zealot  
  121  28:54  Stalker  
  117  28:59  Adept  
  119  29:05  Adept  
  121  29:10  Stalker  
  121  29:13  Stalker  
  121  29:16  Resonating Glaives  
  113  29:25  Stalker  
  115  29:33  Adept  
  115  29:36  Adept  
  119  29:42  Sentry  
  121  29:54  Adept  
  123  30:46  Nexus  
  123  30:53  Probe  
  123  30:54  Probe  
  123  31:12  Stalker  
  123  31:16  Immortal, Stalker, Carrier  
  127  31:21  Stalker  
  139  31:43  Colossus  
  144  32:04  Assimilator  
  144  32:09  Assimilator  
  143  32:16  Probe  
  143  32:17  Probe  
  143  32:18  Pylon  
  143  32:19  Probe  
  143  32:20  Probe  
  143  32:21  Pylon  
  143  32:22  Probe  
  143  32:23  Probe  
  143  32:28  Probe  
  142  32:30  Probe  
  142  32:32  Probe  
  144  32:37  Probe, Observer  
  144  32:42  Probe  
  145  32:47  Probe  
  145  32:51  Probe  
  145  32:52  Probe  
  145  32:54  Photon Cannon  
  145  32:55  Photon Cannon  
  145  33:25  Immortal  
  139  33:41  Stalker  
  139  33:45  Carrier  
  139  33:46  Stalker  
  129  33:50  Sentry  
  123  33:59  Stalker  
  120  34:06  Stalker  
  112  34:13  Sentry  
  114  34:17  Stalker  
  114  34:22  Immortal  
  120  34:25  Stalker  
  122  34:36  Stalker  
  124  34:39  Stalker  
  124  34:45  Sentry  
  128  34:55  Sentry  
  130  35:02  Sentry  
  130  35:06  High Templar  
  134  35:10  High Templar  
  136  35:17  Stalker  
  138  35:30  Zealot  
  138  35:33  Sentry  
  142  35:37  Sentry  
  144  35:48  Stalker  
  146  36:37  Colossus  
  154  36:57  Photon Cannon  
  154  37:02  Pylon  
  154  37:04  Pylon  
  154  37:07  Pylon  
  152  37:12  Pylon  
  134  37:16  High Templar  
  134  37:22  Gateway  
  112  37:37  Forge  
  112  37:43  Pylon  
  102  37:57  Pylon  
  55  38:37  Pylon  
  30  39:18  Nexus  
  26  39:29  Pylon  
  17  39:33  Pylon  
  6  39:47  Nexus  
  6  40:06  Nexus  
Tags
 
Add a new tag
Caveats
  • Supply blocks, unpowered buildings, or Contaminate may cause inaccurate times.
  • Supply counts are checked every 10 seconds.